 Dungeon Crawl Stone Soup version 0.28.0-43-g3370ac3207 (webtiles) character file.

Game seed: 17997547977235914757

41 experimilk the Chopper (level 3, 0/31 HPs)
             Began as a Palentonga Abyssal Knight on Mar 18, 2022.
             Was a Follower of Lugonu.
             Slain by Terence
             ... wielding a +0 hand axe
              (3 damage)
             ... on level 2 of the Dungeon.
             The game lasted 00:01:47 (1495 turns).

experimilk the Chopper (Palentonga Abyssal Knight)  Turns: 1495, Time: 00:01:48

Health: 0/31       AC:  4    Str: 16 (18) XL:     3   Next: 32%
Magic:  4/4        EV:  9    Int:  8 (10) God:    Lugonu [*.....]
Gold:   77         SH:  0    Dex:  7 (10) Spells: 2/2 levels left

rFire   . . .      SeeInvis +   a - +1 hand axe
rCold   . . .      Faith    .   (no shield)
rNeg    . . .      Spirit   .   b - +0 leather armour
rPois   .          Reflect  .   (no helmet)
rElec   .          Harm     .   (no cloak)
rCorr   .          Rampage  .   (no gloves)
Will    .....                   (no barding)
Stlth   +.........              (no amulet)
HPRegen 0.10/turn               (no ring)
MPRegen 0.09/turn               (no ring)

@: flying
A: large, rugged brown scales 3, see invisible, deformed body, roll 1, armoured
tail
a: Rolling Charge, Renounce Religion, Depart the Abyss


You were on level 2 of the Dungeon.
You worshipped Lugonu.
Lugonu was aware of your devotion.
You visited 1 branch of the dungeon, and saw 2 of its levels.
You visited the Abyss 1 time.

You collected 77 gold pieces.

Inventory:

Hand Weapons
 a - a +1 hand axe (weapon)
Armour
 b - a +0 leather armour (worn)
 c - a +0 ring mail
Jewellery
 d - a ring of flight
Scrolls
 f - a scroll of magic mapping {unknown}
 h - a scroll of identify {unknown}


   Skills:
 - Level 3.1 Fighting
 + Level 3.3 Axes
 - Level 1.7 Armour
 - Level 1.0 Dodging
 - Level 2.2 Invocations


You had 2 spell levels left.
You didn't know any spells.
Your spell library was empty.

Dungeon Overview and Level Annotations

Branches:
Dungeon (2/15)

Altars:

Annotations:
D:2 Terence


Innate Abilities, Weirdness & Mutations

You are completely covered in rugged brown scales. (AC +3, +7% HP)
You have supernaturally acute eyesight. (SInv)
Armour fits poorly on your strangely shaped body.
You can roll at nearby foes to attack.
You have a long armoured tail.


Message History

A bat is nearby!
You hit the bat.
You kill the bat!
Lugonu accepts your kill.
No target in view!
A ball python comes into view.
Terence the Incautious comes into view.
He is wielding a +0 hand axe.
There are monsters nearby!
There are monsters nearby!
There are monsters nearby!
You closely miss Terence. You hit the ball python.
You kill the ball python!
Lugonu accepts your kill. Terence barely misses you.
Terence is nearby!
You closely miss Terence. Terence hits you with a +0 hand axe.
Terence is nearby!
You barely miss Terence. Terence hits you with a +0 hand axe.
Terence barely misses you.
You closely miss Terence.
Your tail-slap misses Terence.
Terence hits you with a +0 hand axe.
Terence is nearby!
You hit Terence.
Your tail-slap misses Terence.
Terence is moderately wounded.
Terence hits you with a +0 hand axe!
* * * LOW HITPOINT WARNING * * *
Terence is nearby!
It was a potion of flight.
You feel very buoyant.
You fly up into the air.
Terence hits you with a +0 hand axe.
* * * LOW HITPOINT WARNING * * *
It was a potion of degeneration.
There was something very wrong with that liquid.
You feel weakened.
You feel dopey.
You feel clumsy. Terence hits you with a +0 hand axe.
* * * LOW HITPOINT WARNING * * *
You hit Terence. Your punch misses Terence.
Terence is moderately wounded.
Terence hits you with a +0 hand axe.
You die...

..##.####.#.......
..#.# #.########
######+#.#.# #.# #
...........####.#
#
........#..#....#
#
........#..#.####
# ........#..#.# #
.............# #
......†@#..### #
.......@##># #
........##.# #
........##.# #
........##.# #
##+#######.# # #.#
# #.#


You could see Terence.

Vanquished Creatures
  An adder (D:2)
  7 ball pythons
  3 bats (D:2)
  4 endoplasms
  2 giant cockroaches (D:1)
  3 goblins (D:1)
  2 jackals (D:2)
  4 kobolds
  5 rats
31 creatures vanquished.

Notes
Turn   | Place    | Note
-------+----------+-------------------------------------------
     0 | Abyss:1  | experimilk the Palentonga Abyssal Knight began the quest
                  | for the Orb.
     0 | Abyss:1  | Reached XP level 1. HP: 19/19 MP: 2/2
     5 | Abyss:1  | Found a corrupted altar of Lugonu.
    78 | Abyss:1  | Noticed an ice beast
    79 | D:1      | Escaped the Abyss
   139 | D:1      | Reached * piety under Lugonu
   196 | D:1      | Found a faded altar of an unknown god.
   214 | D:1      | Reached skill level 1 in Dodging
   251 | D:1      | Reached XP level 2. HP: 24/25 MP: 3/3
  1222 | D:2      | Reached XP level 3. HP: 28/31 MP: 4/4
  1486 | D:2      | Noticed Terence
  1495 | D:2      | Slain by Terence

Illustrated notes

Levels and vault maps discovered:
D:1:      amcnicky_arrival_double_pillar, layout_loops_ring,
          dreamdust_ecumenical_altar_angels_and_demons
D:2:      layout_basic, uniq_natasha, uniq_terence

Skill      XL: |  1  2 |
---------------+-------+-----
Dodging        | 1 |  1.0
Axes           | 3 |  3.3
Fighting       | |  3.1
Armour         | |  1.7
Invocations    | |  2.2

Action                   || total
-------------------------++-------
Melee: Hand axe          ||    75
       Tailslap          ||     5
       Punch             ||     1
Invok: Depart the Abyss  ||     1
 Abil: Rolling Charge    ||     6
  Use: Potion            ||     2
 Stab: Distracted        ||     1
Armor: Leather armour    ||    26
Dodge: Dodged            ||    37
